Map: Беккетт Индастриз РВ

Players

Kantara - Winner!

  • Race: Protoss Protoss
  • League: Diamond

Turtos

  • Race: Zerg Zerg
  • League: Diamond

VOD

Have the link to the VOD?

Description

Time

  • Played on: Aug. 9, 2021, 1:25 p.m.
  • Length: 20:27
Show
View Real Time Build Order
Export as new Build Order

Kantara Protoss - Winner!

Build Orders: 1 Gate Expand, Carriers 

Get SALT Encoding   

  12  0:00  Probe  
  14  0:14  Probe  
  14  0:18  Pylon  
  14  0:26  Probe (Chrono Boost)  
  15  0:38  Probe (Chrono Boost)  
  15  0:41  Gateway  
  16  0:47  Probe (Chrono Boost)  
  16  0:49  Assimilator  
  17  0:56  Probe  
  18  1:08  Probe  
  19  1:20  Probe  
  20  1:32  Cybernetics Core  
  20  1:39  Nexus  
  20  1:44  Assimilator  
  20  1:49  Pylon  
  22  2:01  Probe  
  22  2:08  Stalker (Chrono Boost)  
  21  2:13  Probe  
  24  2:24  Shield Battery  
  24  2:28  Probe  
  25  2:42  Probe (Chrono Boost)  
  25  2:43  Stargate  
  26  2:50  Forge  
  27  2:52  Probe (Chrono Boost)  
  27  2:55  Probe (Chrono Boost)  
  28  2:59  Sentry  
  28  3:02  Probe (Chrono Boost)  
  28  3:03  Probe (Chrono Boost)  
  32  3:06  Assimilator  
  32  3:08  Probe (Chrono Boost)  
  32  3:11  Probe (Chrono Boost)  
  34  3:16  Assimilator  
  34  3:20  Probe (Chrono Boost)  
  34  3:22  Void Ray  
  36  3:27  Probe (Chrono Boost)  
  36  3:30  Probe (Chrono Boost)  
  41  3:39  Probe  
  41  3:40  Probe  
  43  3:46  Pylon  
  43  3:52  Probe (Chrono Boost)  
  43  3:53  Probe (Chrono Boost)  
  45  4:04  Probe (Chrono Boost)  
  47  4:10  Probe (Chrono Boost)  
  47  4:18  Stargate  
  47  4:19  Fleet Beacon  
  47  4:23  Pylon  
  47  4:32  Probe (Chrono Boost)  
  47  4:34  Probe (Chrono Boost)  
  49  4:42  Protoss Air Weapons Level 1 (Chrono Boost)  
  49  4:44  Probe (Chrono Boost)  
  51  4:50  Probe (Chrono Boost)  
  51  4:51  Probe (Chrono Boost)  
  52  5:02  Tempest x2  
  62  5:11  Photon Cannon  
  62  5:15  Pylon  
  62  5:24  Nexus  
  62  5:30  Pylon  
  62  5:33  Probe x2  
  64  5:45  Tempest  
  64  5:48  Tempest  
  74  5:54  Probe (Chrono Boost)  
  74  5:55  Probe (Chrono Boost)  
  76  5:57  Pylon  
  76  6:07  Probe x2 (Chrono Boost), Pylon  
  78  6:14  Probe x2 (Chrono Boost)  
  80  6:19  Pylon  
  80  6:32  Tempest x2  
  90  6:41  Shield Battery  
  90  6:45  Unknown  
  90  6:52  Probe  
  90  6:53  Probe x2  
  93  6:58  Assimilator  
  93  6:59  Assimilator  
  93  7:00  Shield Battery  
  93  7:03  Protoss Air Weapons Level 2 (Chrono Boost), Photon Cannon  
  93  7:04  Probe, Photon Cannon  
  94  7:24  Probe x2, Carrier x2 (Chrono Boost)  
  108  7:31  Probe  
  108  7:36  Probe x2  
  111  7:40  Photon Cannon x2  
  111  7:42  Photon Cannon  
  111  7:44  Photon Cannon, Shield Battery  
  111  7:59  Probe  
  111  8:00  Probe x2  
  114  8:07  Stargate, Cybernetics Core  
  114  8:11  Probe  
  115  8:20  Probe x2  
  115  8:22  Nexus  
  117  8:30  Pylon  
  117  8:31  Pylon  
  117  8:43  Void Ray x2  
  117  8:46  Void Ray  
  117  8:48  Pylon  
  117  8:49  Probe x3  
  117  8:51  Pylon  
  117  8:52  Protoss Air Armor Level 1 (Chrono Boost)  
  132  9:04  Pylon  
  132  9:06  Mothership (Chrono Boost)  
  132  9:08  Pylon  
  140  9:20  Void Ray  
  140  9:21  Void Ray  
  140  9:23  Void Ray  
  140  9:27  Protoss Air Weapons Level 3 (Chrono Boost)  
  152  9:36  Pylon  
  152  9:41  Probe x3  
  155  9:46  Assimilator  
  155  9:51  Assimilator  
  155  9:53  Probe, Shield Battery  
  155  9:55  Shield Battery  
  155  9:57  Void Ray  
  155  9:58  Photon Cannon, Void Ray  
  156  10:00  Void Ray  
  156  10:01  Photon Cannon  
  156  10:04  Photon Cannon  
  155  10:21  Probe x3  
  158  10:35  Probe x2 (Chrono Boost)  
  160  10:37  Protoss Air Armor Level 2 (Chrono Boost), Stargate x2  
  172  10:52  Carrier x2 (Chrono Boost)  
  172  10:58  Carrier (Chrono Boost)  
  178  11:17  Nexus  
  178  11:19  Pylon  
  178  11:23  Carrier (Chrono Boost)  
  184  11:38  Pylon x2  
  184  11:39  Pylon  
  184  11:42  Pylon  
  184  11:44  Nexus  
  184  11:46  Pylon  
  184  11:49  Assimilator  
  184  11:51  Assimilator  
  184  11:53  Pylon, Carrier (Chrono Boost)  
  190  12:10  Twilight Council, Warp Gate (Chrono Boost)  
  190  12:13  Gateway x2  
  190  12:17  Gateway  
  190  12:19  Gateway  
  190  12:20  Gateway  
  190  12:22  Gateway x2  
  190  12:26  Gateway  
  190  12:30  Gateway  
  190  12:31  Photon Cannon  
  190  12:32  Photon Cannon  
  190  12:33  Shield Battery  
  190  12:41  Robotics Facility  
  182  13:02  Templar Archives  
  182  13:04  Pylon  
  182  13:06  Pylon  
  182  13:08  Pylon  
  182  13:09  Pylon  
  182  13:14  Protoss Shields Level 1  
  182  13:25  Protoss Air Armor Level 3 (Chrono Boost)  
  182  13:32  Observer  
  183  13:54  Observer  
  152  14:15  Observer  
  122  14:17  Carrier x3 (Chrono Boost)  
  122  14:18  Carrier x2 (Chrono Boost)  
  122  14:23  Zealot x3  
  122  14:24  Charge (Chrono Boost), Zealot x7  
  140  15:01  Mothership (Chrono Boost)  
  144  15:08  Void Ray x5 (Chrono Boost)  
  148  15:16  Psionic Storm  
  164  15:22  High Templar x6  
  164  15:28  Protoss Shields Level 2 (Chrono Boost)  
  176  15:30  Archon x3  
  158  15:48  Carrier (Chrono Boost)  
  156  15:56  High Templar x3  
  168  15:59  High Templar  
  170  16:06  Probe x2  
  172  16:18  Probe x2  
  174  16:39  Nexus  
  174  16:51  Probe (Chrono Boost)  
  174  16:52  Probe x2 (Chrono Boost)  
  177  16:59  High Templar x4  
  177  17:00  Probe x2  
  187  17:02  Archon  
  187  17:03  Archon  
  187  17:09  Pylon  
  187  17:10  Pylon  
  187  17:13  Dark Shrine  
  187  17:23  Zealot x3  
  187  17:24  Zealot  
  195  17:34  Observer  
  186  17:56  Observer  
  168  18:10  Void Ray x3  
  168  18:11  Void Ray x2  
  188  18:25  Zealot x6  
  200  18:39  Assimilator  
  200  18:42  Assimilator  
  188  19:01  Nexus  
  188  19:04  High Templar x6  
  188  19:08  Archon x3  
  170  20:21  Dark Templar x3  
  170  20:22  Dark Templar x4  
Show
View Real Time Build Order
Export as new Build Order

Turtos Zerg 

Build Orders: Hatch First 

Get SALT Encoding   

  12  0:00  Drone  
  13  0:12  Overlord  
  13  0:17  Drone  
  14  0:31  Drone x2  
  14  0:34  Drone  
  17  0:55  Hatchery  
  16  0:58  Drone  
  17  1:05  Drone  
  18  1:17  Spawning Pool  
  17  1:21  Drone  
  17  1:23  Drone  
  19  1:36  Drone  
  20  1:40  Drone  
  21  1:50  Drone  
  22  2:06  Queen x2  
  26  2:12  Drone x2  
  26  2:15  Hatchery  
  27  2:19  Drone  
  27  2:22  Overlord  
  28  2:29  Overlord  
  28  2:39  Extractor  
  27  2:47  Zergling x4  
  27  2:48  Drone x2  
  31  2:56  Drone x2  
  33  3:02  Queen  
  33  3:05  Overlord  
  35  3:06  Drone  
  35  3:12  Drone  
  37  3:21  Drone x2  
  37  3:22  Drone x4  
  42  3:37  Spore Crawler  
  42  3:38  Queen  
  42  3:40  Spore Crawler  
  42  3:42  Drone  
  42  3:43  Drone x5  
  48  4:01  Spore Crawler, Drone  
  48  4:02  Drone x8  
  56  4:27  Overlord x3  
  56  4:28  Lair  
  56  4:29  Extractor  
  55  4:38  Overlord x2  
  55  4:42  Extractor  
  55  4:43  Extractor  
  52  4:46  Evolution Chamber  
  52  4:47  Evolution Chamber  
  52  4:50  Queen  
  52  4:51  Spore Crawler, Drone x2  
  52  4:52  Drone, Queen  
  54  4:53  Drone  
  54  4:54  Drone x9  
  66  5:08  Drone x2  
  66  5:09  Drone x3  
  66  5:10  Drone  
  66  5:12  Zerg Missile Weapons Level 1  
  66  5:14  Drone x3  
  74  5:15  Overlord x2  
  74  5:17  Extractor  
  74  5:19  Extractor  
  73  5:26  Zerg Ground Armor Level 1  
  73  5:44  Drone x2  
  73  5:45  Drone  
  73  5:47  Hatchery, Hydralisk Den  
  73  5:48  Drone  
  75  5:50  Drone x3  
  75  5:51  Drone x2  
  75  5:52  Drone  
  81  6:00  Roach Warren  
  81  6:01  Overseer x2  
  81  6:02  Pneumatized Carapace  
  80  6:14  Overlord x2  
  80  6:15  Overlord x2  
  80  6:16  Hydralisk, Grooved Spines  
  80  6:17  Hydralisk x3  
  88  6:31  Spire  
  85  6:53  Hydralisk x7  
  99  7:02  Spore Crawler  
  94  7:10  Overlord x2  
  94  7:12  Drone x8  
  93  7:24  Overlord x2  
  93  7:26  Extractor  
  93  7:28  Extractor  
  88  7:49  Corruptor  
  88  7:50  Corruptor x6  
  101  7:56  Extractor  
  101  7:57  Extractor  
  99  8:12  Corruptor x2  
  101  8:16  Zerg Flyer Weapons Level 1  
  103  8:28  Drone x2  
  103  8:29  Drone x6  
  103  8:32  Glial Reconstitution  
  103  8:34  Muscular Augments  
  111  8:49  Spore Crawler  
  110  8:58  Zerg Missile Weapons Level 2  
  110  9:00  Spire  
  109  9:05  Spore Crawler  
  108  9:11  Hydralisk  
  108  9:12  Hydralisk x6  
  108  9:15  Overlord x2  
  122  9:18  Metabolic Boost  
  122  9:20  Zergling x4  
  122  9:21  Zergling x16  
  132  9:31  Extractor  
  131  9:44  Hatchery, Zergling x2  
  131  9:45  Zergling x18  
  139  10:14  Corruptor x10  
  137  10:39  Infestation Pit  
  137  10:40  Drone x13  
  137  10:41  Drone x2  
  151  10:48  Hatchery  
  150  10:51  Zerg Flyer Weapons Level 2  
  150  10:52  Zerg Flyer Armor Level 1  
  150  10:54  Zerg Ground Armor Level 2  
  150  10:56  Hydralisk x2  
  150  10:57  Hydralisk x2  
  158  11:04  Spore Crawler  
  158  11:05  Spore Crawler  
  158  11:07  Spore Crawler  
  155  11:18  Pathogen Glands  
  155  11:19  Spore Crawler  
  155  11:20  Spore Crawler  
  155  11:21  Spore Crawler  
  150  11:29  Extractor  
  149  11:33  Extractor  
  149  11:37  Drone  
  149  11:38  Drone x4  
  153  11:41  Drone  
  153  11:42  Drone x3  
  153  11:43  Drone x3  
  153  11:44  Drone x3  
  153  11:45  Overlord x2  
  153  11:46  Overlord  
  163  11:49  Infestor x4  
  162  11:56  Spore Crawler  
  162  11:58  Spore Crawler  
  162  12:00  Corruptor x5  
  170  12:08  Extractor  
  170  12:11  Spore Crawler  
  170  12:12  Extractor  
  170  12:13  Spore Crawler  
  166  12:16  Hive  
  166  12:24  Infestor x3  
  166  12:29  Hydralisk x2  
  172  12:30  Hydralisk  
  172  12:55  Hydralisk x10  
  172  12:56  Hydralisk x2  
  194  13:00  Drone  
  194  13:01  Drone x5  
  200  13:25  Spore Crawler  
  199  13:27  Spore Crawler, Zerg Flyer Armor Level 2  
  199  13:28  Spore Crawler  
  199  13:30  Spore Crawler  
  135  14:12  Corruptor x16  
  163  14:24  Hydralisk  
  163  14:25  Corruptor x6, Hydralisk  
  163  15:12  Spine Crawler x2  
  159  15:15  Hatchery  
  156  15:27  Hydralisk  
  156  15:28  Hydralisk x7  
  155  15:30  Zerg Ground Armor Level 3, Zerg Missile Weapons Level 3  
  167  15:40  Drone x6  
  167  15:41  Drone x3  
  167  15:42  Drone x2  
  174  15:43  Drone  
  174  15:46  Infestor x2  
  174  15:47  Infestor  
  181  15:51  Greater Spire  
  181  15:52  Zerg Flyer Armor Level 3  
  181  15:59  Hydralisk  
  181  16:00  Hydralisk x3  
  185  16:20  Overseer x3  
  186  16:32  Drone  
  186  16:33  Drone x2  
  188  16:40  Spine Crawler  
  188  16:41  Spine Crawler  
  188  16:42  Spine Crawler  
  188  16:43  Extractor  
  184  16:48  Drone x11  
  184  16:49  Spine Crawler  
  184  16:50  Spine Crawler  
  184  16:52  Spine Crawler  
  192  16:55  Drone x5  
  197  17:02  Extractor  
  197  17:05  Spore Crawler, Spine Crawler  
  194  17:13  Drone x4  
  194  17:14  Drone  
  199  17:18  Spore Crawler  
  199  17:19  Spore Crawler  
  199  17:20  Spore Crawler  
  199  17:21  Spore Crawler, Spine Crawler x2  
  199  17:22  Spine Crawler  
  192  17:23  Spine Crawler  
  192  17:24  Spore Crawler, Spine Crawler  
  192  17:25  Spine Crawler  
  192  17:29  Drone x3  
  191  17:33  Queen  
  191  17:35  Drone x3  
  191  17:36  Spore Crawler x2, Drone x2  
  196  17:37  Spore Crawler  
  196  17:38  Spore Crawler  
  148  18:05  Hydralisk x18  
  174  18:14  Infestor  
  174  18:18  Overseer  
  174  18:19  Overseer x3  
  169  18:30  Extractor  
  168  18:42  Spine Crawler  
  167  18:52  Spine Crawler  
  165  18:57  Infestor x2  
  165  18:58  Infestor x4  
  165  18:59  Spore Crawler  
  165  19:02  Brood Lord x3  
  182  19:07  Overlord x4  
  182  19:26  Corruptor x4  
  182  19:29  Infestor x2  
Tags
 
Add a new tag
Caveats
  • Supply blocks, unpowered buildings, or Contaminate may cause inaccurate times.
  • Supply counts are checked every 10 seconds.